Map: Blackburn LE

Players

LiquidClem (Clem)

  • Race: Terran Terran
  • League: Grandmaster

Reynor - Winner!

  • Race: Zerg Zerg
  • League: Master

Event: DreamHack SC2 Masters 2021 Summer

VOD

Have the link to the VOD?

Description

Time

  • Played on: June 5, 2021, 12:13 p.m.
  • Length: 10:20

All games in this series

Show
View Real Time Build Order
Export as new Build Order

LiquidClem Terran 

Build Orders: Reaper Expand, Hellion Banshee 

Get SALT Encoding   

  12  0:01  SCV  
  13  0:13  SCV  
  14  0:17  Supply Depot  
  14  0:25  SCV  
  15  0:39  SCV  
  15  0:40  Barracks  
  16  0:43  Refinery  
  16  0:51  SCV  
  17  1:03  SCV  
  18  1:15  SCV  
  19  1:27  Reaper, Orbital Command  
  20  1:40  Command Center  
  20  1:48  Supply Depot  
  20  1:53  SCV  
  21  1:59  Marine  
  22  2:05  SCV  
  23  2:11  Factory  
  23  2:14  Refinery  
  23  2:17  SCV  
  23  2:20  Barracks Reactor  
  24  2:27  Engineering Bay  
  24  2:30  SCV  
  25  2:42  SCV  
  26  2:52  Orbital Command  
  26  2:56  SCV  
  26  2:57  Starport  
  27  3:01  Hellion  
  27  3:04  Hellion  
  31  3:08  SCV, Barracks Tech Lab  
  32  3:17  SCV  
  33  3:20  SCV, Supply Depot  
  34  3:29  Hellion x2  
  34  3:32  SCV  
  39  3:35  SCV  
  39  3:40  Banshee, Cloaking Field  
  43  3:44  SCV  
  44  3:48  SCV  
  44  3:51  Hellion  
  44  3:52  Supply Depot  
  44  3:53  Hellion  
  49  3:55  Barracks Tech Lab  
  49  3:56  SCV  
  49  4:02  SCV  
  51  4:08  SCV  
  52  4:14  SCV  
  52  4:16  Command Center  
  53  4:20  Stimpack  
  53  4:21  SCV  
  54  4:26  Banshee  
  54  4:31  Factory Reactor, Supply Depot  
  57  4:32  SCV  
  57  4:33  SCV  
  57  4:37  Marine  
  60  4:44  SCV  
  60  4:45  Barracks  
  61  4:46  SCV, Barracks  
  62  4:53  Supply Depot  
  62  4:56  SCV  
  62  4:58  SCV  
  64  5:02  Engineering Bay, Marine  
  64  5:03  Engineering Bay  
  65  5:08  SCV  
  65  5:09  Refinery, Supply Depot  
  66  5:19  Starport Reactor, Marine  
  67  5:25  SCV  
  67  5:26  SCV  
  67  5:28  Barracks  
  69  5:29  Orbital Command, Barracks  
  69  5:31  Terran Infantry Weapons Level 1  
  69  5:34  Terran Infantry Armor Level 1  
  69  5:39  Marine  
  69  5:41  Marine  
  71  5:43  Siege Tank  
  71  5:46  SCV, Marine  
  71  5:49  Marine  
  77  5:52  Refinery, SCV  
  77  5:53  Marine  
  80  5:58  SCV, Marine  
  80  6:02  Orbital Command  
  81  6:05  Marine  
  81  6:06  Marine  
  81  6:08  Supply Depot  
  81  6:09  SCV, Marine, Medivac x2  
  81  6:10  Supply Depot  
  81  6:11  SCV  
  90  6:18  Barracks Reactor x2  
  91  6:19  Marine  
  91  6:21  SCV  
  91  6:23  SCV  
  91  6:24  Combat Shield  
  93  6:26  Marine x2  
  93  6:27  SCV  
  93  6:29  Supply Depot  
  93  6:31  Marine  
  97  6:34  SCV  
  97  6:35  SCV  
  97  6:36  Siege Tank  
  97  6:39  SCV  
  103  6:41  Marine x2  
  103  6:43  Supply Depot  
  105  6:48  Marine x2  
  105  6:49  SCV  
  105  6:53  SCV  
  109  6:55  SCV  
  109  6:56  Marine  
  109  6:57  Armory, Marine, Supply Depot  
  112  7:04  Marine x2  
  112  7:05  SCV  
  112  7:06  Supply Depot  
  115  7:11  Marine x5  
  115  7:14  Siege Tank  
  123  7:17  Medivac x2  
  123  7:18  Marine  
  123  7:21  Marine  
  123  7:22  Marine  
  129  7:26  SCV x2  
  129  7:27  Supply Depot  
  129  7:28  SCV  
  122  7:32  Marine x2  
  115  7:38  SCV x2  
  115  7:40  Marine  
  115  7:42  SCV, Marine  
  115  7:44  Marine  
  120  7:49  Siege Tank  
  120  7:50  SCV  
  125  7:52  Medivac  
  125  7:54  SCV x2  
  125  7:58  Marine  
  129  8:03  Terran Infantry Armor Level 2, SCV  
  129  8:04  Marine  
  132  8:07  Medivac  
  132  8:09  SCV  
  132  8:10  Marine  
  132  8:12  Marine  
  137  8:14  Marine  
  130  8:23  Marine x4  
  130  8:24  Marine  
  130  8:25  SCV  
  130  8:26  SCV  
  132  8:29  Siege Tank  
  135  8:40  Marine x3  
  135  8:41  Marine  
  123  8:42  Marine  
  123  8:44  SCV  
  125  8:50  Orbital Command  
  125  8:51  Marine  
  125  8:53  Marine x2  
  122  8:59  Marine  
  122  9:04  Marine  
  122  9:06  Marine x2  
  122  9:07  Marine  
  122  9:09  Marine  
  101  9:10  Marine  
  101  9:11  Marine x2  
  101  9:16  Medivac  
  99  9:20  Medivac, Siege Tank  
  101  9:25  Marine  
  101  9:29  Marine  
  101  9:30  Marine  
  104  9:33  Marine  
  104  9:38  Marine x2  
  95  9:43  Marine  
  86  9:45  Marine  
  86  9:46  Marine, Medivac  
  86  9:48  Marine x2  
  86  9:51  Marine  
  95  9:52  SCV  
  95  9:53  SCV x2  
  95  9:55  Marine  
  99  10:01  Marine  
Show
View Real Time Build Order
Export as new Build Order

Reynor Zerg - Winner!

Build Orders: Hatch First 

Get SALT Encoding   

  12  0:00  Drone  
  13  0:12  Overlord  
  13  0:17  Drone  
  14  0:30  Drone x2  
  16  0:48  Hatchery  
  15  0:51  Drone  
  15  0:54  Drone  
  17  0:58  Drone  
  18  1:08  Extractor  
  17  1:14  Spawning Pool  
  17  1:17  Drone  
  17  1:20  Drone  
  18  1:27  Drone  
  19  1:38  Drone  
  20  1:48  Overlord  
  20  2:00  Queen x2  
  24  2:02  Zergling x4  
  26  2:11  Drone x2  
  26  2:13  Metabolic Boost  
  28  2:22  Drone x2  
  30  2:32  Overlord  
  30  2:33  Drone  
  31  2:39  Queen  
  31  2:42  Drone  
  31  2:44  Drone  
  34  2:51  Queen  
  34  2:53  Drone  
  34  2:54  Drone  
  38  3:03  Zergling x2  
  38  3:04  Zergling x2  
  40  3:09  Overlord  
  40  3:11  Drone x2  
  42  3:15  Queen  
  44  3:20  Overlord  
  44  3:29  Zergling x4  
  44  3:30  Drone x2  
  44  3:31  Drone  
  49  3:39  Hatchery  
  49  3:40  Drone  
  49  3:45  Overlord  
  48  3:49  Drone x2  
  48  3:51  Drone x2  
  48  3:53  Drone  
  53  3:57  Queen  
  55  4:02  Overlord  
  55  4:04  Drone  
  55  4:05  Drone  
  55  4:06  Drone  
  55  4:07  Drone  
  59  4:15  Drone, Overlord  
  59  4:16  Queen  
  60  4:23  Overlord  
  62  4:27  Drone, Spore Crawler  
  62  4:28  Drone x3  
  65  4:32  Spore Crawler  
  65  4:36  Queen  
  66  4:39  Drone  
  66  4:41  Spore Crawler  
  66  4:42  Drone x2  
  66  4:43  Zergling x2  
  69  4:46  Overlord  
  69  4:50  Drone  
  70  4:54  Drone x3  
  70  4:59  Spore Crawler  
  72  5:01  Zergling x4  
  72  5:03  Drone x2  
  72  5:06  Drone  
  77  5:09  Drone  
  77  5:10  Drone  
  77  5:11  Drone  
  80  5:15  Overlord  
  80  5:18  Drone x2  
  82  5:24  Overlord  
  82  5:26  Extractor, Lair  
  82  5:27  Drone x2, Extractor, Baneling Nest  
  81  5:29  Drone  
  81  5:32  Zergling x4  
  81  5:34  Overlord  
  84  5:47  Drone x8  
  90  5:51  Drone  
  90  5:53  Drone x3  
  90  5:55  Overlord  
  94  5:59  Drone  
  94  6:02  Evolution Chamber  
  94  6:04  Evolution Chamber  
  94  6:09  Zergling x8  
  97  6:13  Overlord  
  97  6:14  Drone x2  
  97  6:16  Queen  
  97  6:17  Extractor  
  97  6:18  Extractor  
  99  6:24  Zergling x6  
  102  6:26  Hatchery  
  102  6:27  Zergling x8  
  102  6:28  Overseer  
  102  6:30  Zerg Ground Armor Level 1, Zerg Melee Weapons Level 1  
  105  6:33  Zergling x8  
  105  6:39  Zergling x2  
  110  6:41  Centrifical Hooks  
  110  6:42  Zergling x2  
  110  6:46  Drone x4  
  115  6:50  Zergling x2  
  116  6:56  Zergling x10  
  121  7:01  Drone x3  
  121  7:03  Baneling x3  
  121  7:04  Baneling x5  
  121  7:06  Zergling x2  
  125  7:09  Baneling x2, Queen, Zergling x2  
  125  7:10  Queen  
  130  7:16  Spore Crawler  
  130  7:18  Zergling x6  
  129  7:29  Zergling x14  
  134  7:31  Overlord  
  134  7:34  Overlord  
  134  7:36  Overlord  
  122  7:40  Overlord  
  121  7:44  Infestation Pit  
  121  7:48  Overlord  
  120  7:54  Hatchery  
  120  7:57  Zergling x20  
  120  7:58  Baneling x11  
  129  8:01  Baneling x8  
  129  8:02  Drone  
  129  8:03  Drone x2  
  132  8:09  Baneling x5  
  132  8:13  Zergling x6  
  132  8:15  Zergling x2  
  131  8:21  Zergling x8  
  131  8:24  Baneling x6  
  131  8:26  Zergling x10  
  136  8:31  Zergling x4  
  136  8:38  Zergling x4  
  136  8:41  Baneling x7  
  124  8:43  Zergling x8  
  124  8:48  Zergling x16  
  136  8:51  Baneling x7  
  136  8:53  Zergling x2  
  134  8:56  Baneling x7  
  134  8:59  Zergling x6  
  132  9:05  Zergling x2  
  132  9:09  Zergling x8  
  118  9:12  Zergling x6  
  117  9:17  Zergling x6  
  117  9:19  Baneling, Queen  
  117  9:20  Baneling x6, Queen  
  117  9:23  Zergling x6  
  126  9:25  Baneling x6  
  126  9:26  Zergling x8  
  128  9:37  Zergling x14  
  128  9:38  Zergling x6  
  126  9:41  Zergling x2  
  126  9:44  Zergling x8  
  124  9:48  Zergling x4  
  124  9:51  Baneling x7  
  126  9:55  Zergling x6  
  126  10:00  Zergling x6  
  126  10:02  Zergling x4  
Tags
 
Add a new tag
Caveats
  • Supply blocks, unpowered buildings, or Contaminate may cause inaccurate times.
  • Supply counts are checked every 10 seconds.